TOP OF THE 1ST |
Niagara Falls Frenzy batting - Pitching for Boston Rebels : LHP Dave Huot
|
Pitching: LHP Dave Huot
|
|
Batting: RHB Eichiro Yamamoto
|
0-0: Ball 1-0: Called Strike 1-1: Ball 2-1: Fly out, F5 (Line Drive, 5)
|
Batting: LHB Dante Owens
|
0-0: Foul Ball, location: 2F 0-1: Ball 1-1: Bunt missed! 1-2: Ball 2-2: Foul Ball, location: 2F 2-2: Ball 3-2: Fly out, F4 (Line Drive, 4M)
|
Batting: LHB Donovan Bird
|
0-0: Swinging Strike 0-1: Ball 1-1: Called Strike 1-2: Foul Ball, location: 2F 1-2: Ball 2-2: Foul Ball, location: 2F 2-2: SOLO HOME RUN (Flyball, 9D), Distance : 411 ft
|
Batting: RHB Lawrence Schroeder
|
0-0: Ball 1-0: Ball 2-0: Ball 3-0: Base on Balls
|
Batting: SHB Martín De Jesús
|
0-0: Ball 1-0: Called Strike 1-1: Ball 2-1: Foul Ball, location: 2F 2-2: Fielders Choice at 2nd, U6 (Groundball, 6M)
|
Top of the 1st over - 1 run(s), 1 hit(s), 0 error(s), 1 left on base; Niagara Falls 1 - Boston 0 |
BOTTOM OF THE 1ST |
Boston Rebels batting - Pitching for Niagara Falls Frenzy : RHP Mark Head
|
Pitching: RHP Mark Head
|
|
Batting: LHB Bill Wilson
|
0-0: Ball 1-0: Foul Ball, location: 2F 1-1: Ball 2-1: Foul Ball, location: 2F 2-2: Fly out, F7 (Line Drive, 78D)
|
Batting: SHB Álex Rosado
|
0-0: SOLO HOME RUN (Flyball, 9LD), Distance : 310 ft
|
Batting: RHB Ronnie Brown
|
0-0: Ball 1-0: Called Strike 1-1: SINGLE (Flyball, 89S)
|
Batting: LHB Bill Wilson
|
0-0: SINGLE (Line Drive, 6MD) Ronnie Brown to second
|
Batting: SHB Javier Villegas
|
0-0: Ball 1-0: Swinging Strike 1-1: Ball 2-1: Called Strike 2-2: Foul Ball, location: 2F 2-2: Strikes out looking
|
Batting: RHB Wilson Gómez
|
0-0: Fly out, F8 (Line Drive, 8LS)
|
Bottom of the 1st over - 1 run(s), 3 hit(s), 0 error(s), 2 left on base; Niagara Falls 1 - Boston 1 |
TOP OF THE 2ND |
Niagara Falls Frenzy batting - Pitching for Boston Rebels : LHP Dave Huot
|
Batting: LHB Clyde Yarbrough
|
0-0: Ball 1-0: Ball 2-0: Foul Ball, location: 2F 2-1: Ball 3-1: Called Strike 3-2: Foul Ball, location: 2F 3-2: Foul Ball, location: 2F 3-2: Foul Ball, location: 2F 3-2: Foul Ball, location: 2F 3-2: DOUBLE (Line Drive, 7D)
|
Batting: RHB Ángel Hinojosa
|
0-0: Called Strike 0-1: Ball 1-1: Ball 2-1: Swinging Strike 2-2: Strikes out swinging
|
Batting: RHB Bryce Hester
|
0-0: Ground out 4-3 (Groundball, 4) Clyde Yarbrough to third
|
Batting: RHB Gerald Burnett
|
0-0: Ground out 6-3 (Groundball, 6)
|
Top of the 2nd over - 0 run(s), 1 hit(s), 0 error(s), 1 left on base; Niagara Falls 1 - Boston 1 |
BOTTOM OF THE 2ND |
Boston Rebels batting - Pitching for Niagara Falls Frenzy : RHP Mark Head
|
Batting: LHB Lorenzo Flores
|
0-0: Swinging Strike 0-1: Fly out, F4 (Popup, 4)
|
Batting: LHB Jeff Gordon
|
0-0: Called Strike 0-1: Ball 1-1: Swinging Strike 1-2: Ground out 4-3 (Groundball, 13)
|
Batting: RHB Rubén Matos
|
0-0: Ball 1-0: Swinging Strike 1-1: Swinging Strike 1-2: Ball 2-2: Ball 3-2: SINGLE (Line Drive, 56D)
|
Batting: LHB Bill Wilson
|
0-0: Ball 1-0: Called Strike 1-1: Ground out 5-3 (Groundball, 5S)
|
Bottom of the 2nd over - 0 run(s), 1 hit(s), 0 error(s), 1 left on base; Niagara Falls 1 - Boston 1 |
TOP OF THE 3RD |
Niagara Falls Frenzy batting - Pitching for Boston Rebels : LHP Dave Huot
|
Batting: RHB Eichiro Yamamoto
|
0-0: Bunted foul 0-1: Ball 1-1: Foul Ball, location: 2F 1-2: Fly out, F3 (Popup, 3DF)
|
Batting: LHB Dante Owens
|
0-0: Ball 1-0: Called Strike 1-1: Ball 2-1: Foul Ball, location: 2F 2-2: Ground out 4-3 (Groundball, 4M)
|
Batting: LHB Donovan Bird
|
0-0: Called Strike 0-1: Foul Ball, location: 2F 0-2: Ball 1-2: SINGLE (Groundball, 34)
|
Batting: RHB Lawrence Schroeder
|
0-0: Ball 1-0: Ball 2-0: 2-RUN HOME RUN (Flyball, 8RXD), Distance : 426 ft
|
Batting: SHB Martín De Jesús
|
0-0: Called Strike 0-1: Called Strike 0-2: Foul Ball, location: 2F 0-2: Foul Ball, location: 2F 0-2: Ball 1-2: Foul Ball, location: 2F 1-2: Strikes out swinging
|
Top of the 3rd over - 2 run(s), 2 hit(s), 0 error(s), 0 left on base; Niagara Falls 3 - Boston 1 |
BOTTOM OF THE 3RD |
Boston Rebels batting - Pitching for Niagara Falls Frenzy : RHP Mark Head
|
Batting: SHB Álex Rosado
|
0-0: Called Strike 0-1: Called Strike 0-2: Ball 1-2: Ball 2-2: Ball 3-2: Fly out, F2 (Popup, 2RF)
|
Batting: RHB Ronnie Brown
|
0-0: Ball 1-0: Fly out, F9 (Flyball, 9LD)
|
Batting: LHB Bill Wilson
|
0-0: Ball 1-0: Foul Ball, location: 2F 1-1: Ball 2-1: Ball 3-1: Called Strike 3-2: Strikes out swinging
|
Bottom of the 3rd over - 0 run(s), 0 hit(s), 0 error(s), 0 left on base; Niagara Falls 3 - Boston 1 |
TOP OF THE 4TH |
Niagara Falls Frenzy batting - Pitching for Boston Rebels : LHP Dave Huot
|
Batting: LHB Clyde Yarbrough
|
0-0: Called Strike 0-1: Fly out, F8 (Flyball, 8RM)
|
Batting: RHB Ángel Hinojosa
|
0-0: Ball 1-0: SINGLE (Groundball, 13) (infield hit)
|
Batting: RHB Bryce Hester
|
0-0: Swinging Strike 0-1: Ball 1-1: Ball 2-1: Ball 3-1: Fly out, F8 (Flyball, 8LM)
|
Batting: RHB Gerald Burnett
|
0-0: Ball 1-0: Called Strike 1-1: SINGLE (Groundball, 6M) Ángel Hinojosa to second Runner from 2nd tries for 3rd, SAFE, throw made to third
|
Batting: RHB Eichiro Yamamoto
|
0-0: Foul Ball, location: 2F 0-1: Ball 1-1: Called Strike 1-2: Strikes out swinging
|
Top of the 4th over - 0 run(s), 2 hit(s), 0 error(s), 2 left on base; Niagara Falls 3 - Boston 1 |
BOTTOM OF THE 4TH |
Boston Rebels batting - Pitching for Niagara Falls Frenzy : RHP Mark Head
|
Batting: SHB Javier Villegas
|
0-0: Ground out 6-3 (Groundball, 6M)
|
Batting: RHB Wilson Gómez
|
0-0: Ball 1-0: Ball 2-0: Fly out, F8 (Popup, 8LS)
|
Batting: LHB Lorenzo Flores
|
0-0: SINGLE (Groundball, 3D)
|
Batting: LHB Jeff Gordon
|
0-0: Ball 1-0: Foul Ball, location: 2F 1-1: Fly out, F8 (Flyball, 78S)
|
Bottom of the 4th over - 0 run(s), 1 hit(s), 0 error(s), 1 left on base; Niagara Falls 3 - Boston 1 |
TOP OF THE 5TH |
Niagara Falls Frenzy batting - Pitching for Boston Rebels : LHP Dave Huot
|
Pitching: LHP António Alvarado
|
|
Batting: LHB Dante Owens
|
0-0: Ball 1-0: Ball 2-0: Fly out, F7 (Flyball, 7M)
|
Batting: LHB Donovan Bird
|
0-0: Ball 1-0: Fly out, F8 (Flyball, 8LXD)
|
Batting: RHB Lawrence Schroeder
|
0-0: Ball 1-0: Called Strike 1-1: Called Strike 1-2: Strikes out swinging
|
Top of the 5th over - 0 run(s), 0 hit(s), 0 error(s), 0 left on base; Niagara Falls 3 - Boston 1 |
BOTTOM OF THE 5TH |
Boston Rebels batting - Pitching for Niagara Falls Frenzy : RHP Mark Head
|
Batting: RHB Rubén Matos
|
0-0: Ball 1-0: Ground out 6-3 (Groundball, 6)
|
Batting: LHB Bill Wilson
|
0-0: Called Strike 0-1: Ball 1-1: Ground out 5-3 (Groundball, 15S)
|
Batting: SHB Álex Rosado
|
0-0: Ball 1-0: Ball 2-0: Swinging Strike 2-1: Ball 3-1: Swinging Strike 3-2: Strikes out swinging
|
Bottom of the 5th over - 0 run(s), 0 hit(s), 0 error(s), 0 left on base; Niagara Falls 3 - Boston 1 |
TOP OF THE 6TH |
Niagara Falls Frenzy batting - Pitching for Boston Rebels : LHP António Alvarado
|
Batting: SHB Martín De Jesús
|
0-0: Ball 1-0: Ball 2-0: Ball 3-0: Called Strike 3-1: Foul Ball, location: 2F 3-2: Fly out, F3 (Popup, 4)
|
Batting: LHB Clyde Yarbrough
|
0-0: Called Strike 0-1: Ground out 5-3 (Groundball, 56)
|
Batting: RHB Ángel Hinojosa
|
0-0: Ball 1-0: Ball 2-0: Called Strike 2-1: Called Strike 2-2: DOUBLE (Line Drive, 7D)
|
Batting: RHB Bryce Hester
|
0-0: Called Strike 0-1: Foul Ball, location: 2F 0-2: Ball 1-2: Ball 2-2: Foul Ball, location: 2F 2-2: Ground out 4-3 (Groundball, 4)
|
Top of the 6th over - 0 run(s), 1 hit(s), 0 error(s), 1 left on base; Niagara Falls 3 - Boston 1 |
BOTTOM OF THE 6TH |
Boston Rebels batting - Pitching for Niagara Falls Frenzy : RHP Mark Head
|
Batting: RHB Ronnie Brown
|
0-0: Ground out 4-3 (Groundball, 34)
|
Batting: LHB Bill Wilson
|
0-0: Foul Ball, location: 2F 0-1: Ball 1-1: Fly out, F6 (Popup, 5)
|
Batting: SHB Javier Villegas
|
0-0: Ball 1-0: Ball 2-0: Called Strike 2-1: DOUBLE (Line Drive, 8LD)
|
Batting: RHB Wilson Gómez
|
0-0: Called Strike 0-1: Ball 1-1: Ball 2-1: Foul Ball, location: 2F 2-2: Ground out 5-3 (Groundball, 5L)
|
Bottom of the 6th over - 0 run(s), 1 hit(s), 0 error(s), 1 left on base; Niagara Falls 3 - Boston 1 |
TOP OF THE 7TH |
Niagara Falls Frenzy batting - Pitching for Boston Rebels : LHP António Alvarado
|
Pitching: RHP Alberto Bonilla
|
|
Batting: RHB Gerald Burnett
|
0-0: Ball 1-0: Ground out 5-3 (Groundball, 5S)
|
Batting: RHB Eichiro Yamamoto
|
0-0: Ground out 5-3 (Groundball, 5)
|
Batting: LHB Dante Owens
|
0-0: Called Strike 0-1: Foul Ball, location: 2F 0-2: Strikes out looking
|
Top of the 7th over - 0 run(s), 0 hit(s), 0 error(s), 0 left on base; Niagara Falls 3 - Boston 1 |
BOTTOM OF THE 7TH |
Boston Rebels batting - Pitching for Niagara Falls Frenzy : RHP Mark Head
|
Batting: LHB Lorenzo Flores
|
0-0: Ball 1-0: Ball 2-0: Called Strike 2-1: Ground out 1-3 (Groundball, 13)
|
Batting: LHB Jeff Gordon
|
0-0: Called Strike 0-1: Foul Ball, location: 2F 0-2: Ball 1-2: Ball 2-2: Strikes out swinging
|
Batting: RHB Rubén Matos
|
0-0: Ball 1-0: Ball 2-0: Ball 3-0: Called Strike 3-1: Called Strike 3-2: Fly out, F3 (Popup, 3SF)
|
Bottom of the 7th over - 0 run(s), 0 hit(s), 0 error(s), 0 left on base; Niagara Falls 3 - Boston 1 |
TOP OF THE 8TH |
Niagara Falls Frenzy batting - Pitching for Boston Rebels : RHP Alberto Bonilla
|
Batting: LHB Donovan Bird
|
0-0: Foul Ball, location: 2F 0-1: Called Strike 0-2: Ball 1-2: Foul Ball, location: 2F 1-2: Strikes out swinging
|
Batting: RHB Lawrence Schroeder
|
0-0: Ball 1-0: Ground out 6-3 (Groundball, 6)
|
Batting: SHB Martín De Jesús
|
0-0: Swinging Strike 0-1: Foul Ball, location: 2F 0-2: SINGLE (Groundball, 56D) (infield hit)
|
Pitching: LHP Yoshihiro Hasegawa
|
|
Batting: LHB Clyde Yarbrough
|
0-0: Swinging Strike 0-1: Ball 1-1: Ball 2-1: Ball 3-1: Called Strike 3-2: DOUBLE (Line Drive, 9LS) Martín De Jesús to third Martín De Jesús scores
|
Pitching: RHP Lorenzo Vargas
|
|
Batting: RHB Ángel Hinojosa
|
0-0: Fly out, F8 (Flyball, 78D)
|
Top of the 8th over - 1 run(s), 2 hit(s), 0 error(s), 1 left on base; Niagara Falls 4 - Boston 1 |
BOTTOM OF THE 8TH |
Boston Rebels batting - Pitching for Niagara Falls Frenzy : RHP Mark Head
|
Pitching: LHP Santiago Valentín
|
|
Batting: LHB Bill Wilson
|
0-0: Foul Ball, location: 2F 0-1: Ball 1-1: Swinging Strike 1-2: Ball 2-2: Strikes out swinging
|
Batting: SHB Álex Rosado
|
0-0: Called Strike 0-1: Swinging Strike 0-2: Foul Ball, location: 2F 0-2: Ball 1-2: Strikes out swinging
|
Batting: RHB Ronnie Brown
|
0-0: Called Strike 0-1: Ground out 5-3 (Groundball, 5S)
|
Bottom of the 8th over - 0 run(s), 0 hit(s), 0 error(s), 0 left on base; Niagara Falls 4 - Boston 1 |
TOP OF THE 9TH |
Niagara Falls Frenzy batting - Pitching for Boston Rebels : RHP Lorenzo Vargas
|
Batting: RHB Bryce Hester
|
0-0: Swinging Strike 0-1: Ground out 4-3 (Groundball, 4)
|
Batting: RHB Gerald Burnett
|
0-0: Foul Ball, location: 2F 0-1: Fly out, F9 (Flyball, 9LMF)
|
Batting: RHB Eichiro Yamamoto
|
0-0: Ball 1-0: Foul Ball, location: 2F 1-1: SINGLE (Groundball, 34) (infield hit)
|
Batting: LHB Dante Owens
|
0-0: Called Strike 0-1: Ball 1-1: Called Strike 1-2: Foul Ball, location: 2F 1-2: 2-RUN HOME RUN (Flyball, 9D), Distance : 422 ft
|
Batting: LHB Donovan Bird
|
0-0: Ball 1-0: Fly out, F9 (Flyball, 9S)
|
Top of the 9th over - 2 run(s), 2 hit(s), 0 error(s), 0 left on base; Niagara Falls 6 - Boston 1 |
BOTTOM OF THE 9TH |
Boston Rebels batting - Pitching for Niagara Falls Frenzy : LHP Santiago Valentín
|
Batting: LHB Bill Wilson
|
0-0: Swinging Strike 0-1: Ball 1-1: Called Strike 1-2: Strikes out swinging
|
Batting: SHB Javier Villegas
|
0-0: Called Strike 0-1: Ground out 6-3 (Groundball, 6)
|
Batting: RHB Wilson Gómez
|
0-0: Called Strike 0-1: Swinging Strike 0-2: Ball 1-2: Ball 2-2: DOUBLE (Line Drive, 9LS) - OUT at third base trying to stretch hit.
|
Bottom of the 9th over - 0 run(s), 1 hit(s), 0 error(s), 0 left on base; Niagara Falls 6 - Boston 1 |
|